 Dungeon Crawl Stone Soup version 0.29.1 (webtiles) character file.

Game seed: 13950577256922897670

28612 funnyparkerb the Severer (level 13, -4/119 HPs)
             Began as a Minotaur Fighter on Sept 12, 2022.
             Was the Champion of Okawaru.
             Slain by a cane toad (6 damage)
             ... on level 5 of the Lair of Beasts.
             The game lasted 00:33:12 (19676 turns).

funnyparkerb the Severer (Minotaur Fighter)        Turns: 19676, Time: 00:33:12

Health: -4/119     AC: 22    Str: 20    XL:     13   Next: 10%
Magic:  19/26      EV: 17    Int:  5    God:    Okawaru [******]
Gold:   860        SH:  0    Dex: 16    Spells: 12/12 levels left

rFire   . . .      SeeInvis .   N - +2 great mace (protect)
rCold   + + .      Faith    +   (shield currently unavailable)
rNeg    . . .      Spirit   .   d - +0 ice dragon scales
rPois   +          Reflect  .   (helmet restricted)
rElec   .          Harm     .   F - +0 cloak
rCorr   +          Rampage  .   J - +0 pair of gloves {Stlth+}
Will    .....                   S - +0 pair of boots
Stlth   +.........              t - amulet of faith
HPRegen 0.29/turn               M - ring "Fusyxt" {rPois rCorr MP+9}
MPRegen 0.20/turn               e - ring of protection from fire

@: heroic, finesse-ful, under a protective aura, contaminated, glowing, studying
Dodging
A: horns 2, retaliatory headbutt, deformed body
a: Renounce Religion, Heroism, Finesse, Duel


You were on level 5 of the Lair of Beasts.
You worshipped Okawaru.
Okawaru was exalted by your worship.
You visited 3 branches of the dungeon, and saw 18 of its levels.
You also visited: Sewer.

You collected 1375 gold pieces.
You spent 515 gold pieces at shops.

Inventory:

Hand Weapons
 L - the +9 executioner's axe "Afesomat" {venom, Contam Dex+6}
   (Okawaru gifted it to you on level 12 of the Dungeon)

   It poisons the flesh of those it strikes.
   Dex:       It affects your dexterity (+6).
   Contam:    It causes magical contamination when unequipped.
 N - a +2 great mace of protection (weapon)
Missiles
 n - 7 boomerangs
 o - 5 silver boomerangs (quivered)
 r - a throwing net
Armour
 d - +0 ice dragon scales (worn)
 F - a +0 cloak (worn)
 J - a +0 pair of gloves of stealth (worn)
 S - a +0 pair of boots (worn)
Jewellery
 e - a ring of protection from fire (right hand)
 j - a ring of protection from cold
 l - a +4 ring of protection
 t - an amulet of faith (around neck)
 y - a +6 ring of intelligence
 E - a ring of fire
 M - the ring "Fusyxt" (left hand) {rPois rCorr MP+9}
   (You bought it in a shop on level 3 of the Dungeon)

   [ring of poison resistance]

   rPois:     It protects you from poison.
   MP:        It affects your magic capacity (+9).
   rCorr:     It protects you from acid and corrosion.
 P - a ring of willpower
 T - a ring of willpower
Wands
 b - a wand of flame (14)
 s - a wand of polymorph (2)
 K - a wand of quicksilver (3)
 O - a wand of roots (5)
 Q - a wand of digging (12)
 R - a wand of paralysis (5)
 V - a wand of mindburst (10)
Scrolls
 c - 5 scrolls of identify
 f - 2 scrolls of magic mapping
 h - 3 scrolls of poison
 i - 4 scrolls of fog
 m - 5 scrolls of immolation
 u - 3 scrolls of vulnerability
 w - 3 scrolls of enchant weapon
 A - 2 scrolls of enchant armour {unknown}
 B - a scroll of silence
 D - a scroll of fear
 G - a scroll of brand weapon
Potions
 a - a potion of magic
 g - 2 potions of haste
 k - 5 potions of curing
 p - 3 potions of cancellation
 q - 5 potions of mutation
 v - 2 potions of ambrosia
 x - a potion of flight
 z - a potion of lignification
 C - 2 potions of attraction
 H - 3 potions of brilliance
 U - a potion of invisibility {unknown}


   Skills:
 + Level 12.3(17.3) Fighting
 * Level 17.6(22.6) Axes
 - Level 10.2(15.2) Armour
 + Level 9.8(14.8) Dodging
 - Level 3.6(8.6) Shields
 + Level 6.7 Invocations


You had 12 spell levels left.
You didn't know any spells.
Your spell library contained the following spells:

 Spells                   Type           Power      Damage    Failure   Level
 Shock                    Conj/Air       0%         1d3       78%         1
 Ensorcelled Hibernation  Hex/Ice        0%         N/A       89%         2
 Passwall                 Tmut/Erth      0%         N/A       89%         2
 Dazzling Flash           Conj/Hex       0%         N/A       98%         3
 Gell's Gravitas          Tloc           0%         N/A       98%         3
 Lesser Beckoning         Tloc           0%         N/A       98%         3
 Swiftness                Air            0%         N/A       98%         3
 Teleport Other           Tloc           0%         N/A       98%         3
 Airstrike                Air            0%         2d(0-16)  100%        4
 Corpse Rot               Necr/Pois/Air  0%         N/A       100%        4
 Dispel Undead            Necr           0%         3d6       100%        4
 Agony                    Necr           0%         N/A       100%        5
 Borgnjor's Vile Clutch   Necr/Erth      0%         N/A       100%        5
 Silence                  Hex/Air        0%         N/A       100%        5
 Animate Dead             Necr           Unusable   N/A       N/A         4
 Death Channel            Necr           Unusable   N/A       N/A         6

Dungeon Overview and Level Annotations

Branches:
Dungeon (12/15)            Temple (1/1) D:4            Lair (4/5) D:9
 Shoals (0/4) Lair:3       Spider (0/4) Lair:2          Orc (0/2) D:12
  Sewer (visited)
  Slime: Lair:4-5

Altars:
Ashenzari
Cheibriados
Dithmenos
Elyvilon
Fedhas
Gozag
Hepliaklqana
Kikubaaqudgha
Makhleb
Nemelex Xobeh
Okawaru
Qazlal
Ru
Sif Muna
Trog
Uskayaw
Wu Jian
Xom
Yredelemnul
Zin
The Shining One

Shops:
D:3 =   D:6 (

Annotations:
D:10 exclusion: orange crystal statue


Innate Abilities, Weirdness & Mutations

You have a pair of horns on your head.
You reflexively headbutt those who attack you in melee.
Armour fits poorly on your strangely shaped body.


Message History

You furiously retaliate!
You headbutt the vampire mosquito!
You destroy the vampire mosquito!
Okawaru accepts your kill. The five-headed hydra misses you.
The five-headed hydra bites you but does no damage.
The five-headed hydra bites you!
* * * LOW HITPOINT WARNING * * *
The five-headed hydra bites you but does no damage.
The five-headed hydra barely misses you.
The cane toad completely misses you.
The bullfrog hits you but does no damage.
The bullfrog misses you. The cane toad closely misses you.
You furiously retaliate!
You headbutt the cane toad, but do no damage.
You thump the five-headed hydra!
The five-headed hydra is almost dead.
You hit the five-headed hydra. You headbutt the five-headed hydra!
You kill the five-headed hydra!
Okawaru accepts your kill. Okawaru grants you a weapon!
Something appears at your feet!
You see here the +0 hand axe of Roonuh {venom, rF+}.
The cane toad stings you!!
* * * LOW HITPOINT WARNING * * *
The bullfrog closely misses you. You furiously retaliate!
You headbutt the bullfrog!
The bullfrog hits you but does no damage.
The cane toad barely misses you. The cane toad stings you.
* * * LOW HITPOINT WARNING * * *
You feel better. The bullfrog misses you. You furiously retaliate!
You headbutt the bullfrog.
You kill the bullfrog!
Okawaru accepts your kill. The bullfrog hits you.
* * * LOW HITPOINT WARNING * * *
The cane toad stings you!
* * * LOW HITPOINT WARNING * * *
The cane toad stings you but does no damage.
The cane toad stings you.
You die...

.......
.......
P......
#####..... . .
#..#P.......
~..
......#....
...F.#FF...#
.......@...#
......F.F..#
..........#.#
P.............
.........##..
. .~........
...#
.......... ...
.~......... ..


You could see 3 cane toads, a blink frog and a bullfrog.

Vanquished Creatures
  The ghost of pesado the Destroyer, a journeyman DrCj of Nemelex Xobeh (Lair:1)
  3 hydras
  2 boulder beetles
  Erica (Lair:1)
  A two-headed ogre (D:11)
  A dancing weapon (Lair:1)
  3 skeletal warriors (D:8)
  An orb spider (Lair:2)
  10 elephants
  4 gargoyles
  5 cane toads
  5 komodo dragons
  A rime drake (Lair:1)
  A kobold demonologist (D:10)
  A polar bear (Lair:3)
  3 trolls (D:10)
  28 yaks
  Eustachio (D:5)
  A vampire (D:10)
  5 wyverns
  3 basilisks
  A steam dragon (D:9)
  4 vampire mosquitoes
  A warg (D:12)
  Edmund (D:4)
  An acid dragon (D:12)
  Duvessa (D:5)
  8 water moccasins
  A black bear (Lair:4)
  A sky beast (D:7)
  An orc warrior (D:10)
  An ice beast (D:6)
  10 wolves
  3 ogres (D:4)
  4 centaurs
  3 kobold brigands
  5 necrophages
  11 bullfrogs
  2 scorpions
  12 wights
  Dowan (D:5)
  7 howler monkeys
  5 hounds
  2 jellies
  2 orc priests
  A gnoll bouda (D:7)
  Ijyb (D:3)
  4 iguanas
  12 orc wizards
  A hell rat (Sewer)
  7 adders
  12 gnolls
  2 river rats (Sewer)
  A shadow imp (D:6)
  2 white imps
  An ufetubus (D:7)
  2 worms
  A dart slug (D:1)
  41 orcs
  6 ball pythons
  5 bats
  6 endoplasms
  5 giant cockroaches
  6 goblins
  7 hobgoblins
  16 jackals
  4 quokkas
  A frilled lizard (D:1)
  14 kobolds
  10 rats
337 creatures vanquished.

Vanquished Creatures (others)
  9 fungi
  53 plants
  4 toadstools (D:1)
66 creatures vanquished.

Grand Total: 403 creatures vanquished

Notes
Turn   | Place    | Note
-------+----------+-------------------------------------------
     0 | D:1      | funnyparkerb the Minotaur Fighter began the quest for the
                  | Orb.
     0 | D:1      | Reached XP level 1. HP: 19/19 MP: 0/0
   106 | D:1      | Reached skill level 3 in Axes
   180 | D:1      | Reached XP level 2. HP: 22/26 MP: 1/1
   379 | D:1      | Reached skill level 4 in Axes
   857 | D:2      | Found a faded altar of an unknown god.
   953 | D:2      | HP: 1/26 [poisoned by an adder]
   956 | D:2      | Reached XP level 3. HP: 27/31 MP: 2/2
  1126 | D:2      | Found an ornate altar of the Wu Jian Council.
  1278 | D:2      | Identified the +0 robe of the Cooper {rPois rF+}
  1302 | D:2      | Reached skill level 5 in Axes
  1612 | D:3      | Found a basalt altar of Yredelemnul.
  1710 | D:3      | Found Waicifa's Jewellery Shoppe.
  1717 | D:3      | Reached XP level 4. HP: 32/39 MP: 3/3
  1847 | D:3      | Found a broken altar of Ashenzari.
  1960 | D:3      | Noticed a necrophage
  1966 | D:3      | Killed a necrophage
  1967 | D:3      | Reached skill level 6 in Axes
  1968 | D:3      | Reached XP level 5. HP: 38/45 MP: 4/4
  2033 | D:3      | Identified the +6 spear of Dismemberment {vorpal, rPois}
  2082 | D:3      | Found a sacrificial altar of Ru.
  2288 | D:4      | Found a sparkling altar of Nemelex Xobeh.
  2329 | D:4      | Noticed an ogre
  2642 | D:4      | Noticed Ijyb
  2658 | D:3      | Killed Ijyb
  2722 | D:4      | Found a staircase to the Ecumenical Temple.
  2728 | D:4      | Noticed an ogre
  2736 | Temple   | Entered the Ecumenical Temple
  2836 | Temple   | Became a worshipper of Warmaster Okawaru
  2880 | D:4      | Reached skill level 7 in Axes
  2888 | D:4      | Killed an ogre
  2889 | D:4      | Reached XP level 6. HP: 28/51 MP: 5/5
  2958 | D:4      | Reached skill level 8 in Axes
  3096 | D:4      | Noticed Edmund
  3098 | D:4      | Reached * piety under Okawaru
  3099 | D:4      | Reached skill level 1 in Dodging
  3109 | D:4      | Killed Edmund
  3110 | D:4      | Reached XP level 7. HP: 43/60 MP: 3/6
  3360 | D:5      | Entered Level 5 of the Dungeon
  3453 | D:5      | Noticed a yak
  3511 | D:5      | Noticed a yak
  3513 | D:5      | Noticed a yak
  3522 | D:4      | Killed a yak
  3523 | D:4      | Reached skill level 5 in Fighting
  3523 | D:4      | Reached skill level 5 in Armour
  3535 | D:4      | Killed a yak
  3535 | D:4      | Reached ** piety under Okawaru
  3536 | D:4      | Reached XP level 8. HP: 15/69 MP: 4/7
  3807 | D:4      | Reached skill level 9 in Axes
  4077 | D:5      | Reached skill level 1 in Invocations
  4248 | D:5      | Identified the +5 whip of the Shifting Fool {spect, rPois
                  | Int+3}
  4380 | D:5      | Noticed Eustachio
  4397 | D:5      | Killed Eustachio
  4459 | D:5      | Reached *** piety under Okawaru
  4555 | D:5      | Noticed Duvessa
  4555 | D:5      | Noticed Dowan
  4566 | D:5      | Killed Duvessa
  4567 | D:5      | Reached skill level 5 in Dodging
  4589 | D:5      | Killed Dowan
  4822 | D:5      | Reached XP level 9. HP: 74/79 MP: 10/10
  4917 | D:5      | Found a glowing silver altar of Zin.
  5158 | D:6      | Found a glowing drain.
  5178 | Sewer    | Entered a sewer
  5503 | D:6      | Found Baulepn's Weapon Shoppe.
  6082 | D:6      | Reached **** piety under Okawaru
  7085 | D:7      | Found an ancient bone altar of Kikubaaqudgha.
  7431 | D:7      | You fall into a shaft and drop 2 floors!
  8262 | D:7      | Found a snail-covered altar of Cheibriados.
  8262 | D:7      | Found a burning altar of Makhleb.
  8496 | D:8      | Reached XP level 10. HP: 86/91 MP: 11/11
  8794 | D:8      | Found a shimmering blue altar of Sif Muna.
  9218 | D:8      | Noticed a skeletal warrior
  9218 | D:8      | Noticed a skeletal warrior
  9218 | D:8      | Noticed a skeletal warrior
  9498 | D:8      | Killed a skeletal warrior
 10382 | D:10     | Entered Level 10 of the Dungeon
 10411 | D:10     | Reached ***** piety under Okawaru
 10469 | D:10     | Reached skill level 5 in Invocations
 10712 | D:11     | Noticed a gargoyle
 10716 | D:11     | Reached skill level 10 in Fighting
 10725 | D:10     | Reached skill level 10 in Armour
 10994 | D:10     | Found a hazy altar of Hepliaklqana.
 11037 | D:10     | Received a gift from Okawaru
 11038 | D:10     | Reached skill level 10 in Axes
 11221 | D:10     | Found an opulent altar of Gozag.
 11261 | D:10     | Found a sacrificial altar of Ru.
 11329 | D:11     | Reached XP level 11. HP: 93/102 MP: 13/13
 11347 | D:11     | Reached skill level 11 in Axes
 11782 | D:10     | Found a stormy altar of Qazlal.
 11794 | D:10     | Noticed an orange crystal statue
 11810 | D:11     | Noticed a two-headed ogre
 12163 | D:11     | Noticed a boulder beetle
 12192 | D:11     | Killed a boulder beetle
 12193 | D:11     | Reached skill level 12 in Axes
 12434 | D:10     | Identified a scroll of acquirement
 12436 | D:10     | Acquired a +2 vorpal executioner's axe
 13021 | D:10     | Reached skill level 13 in Axes
 13428 | D:11     | Killed a two-headed ogre
 13706 | D:11     | Reached skill level 14 in Axes
 14182 | D:12     | Found a staircase to the Orcish Mines.
 14467 | D:12     | Identified the +9 executioner's axe "Afesomat" {venom,
                  | Contam Dex+6} (Okawaru gifted it to you on level 12 of the
                  | Dungeon)
 14467 | D:12     | Received a gift from Okawaru
 14651 | D:12     | Noticed a four-headed hydra
 15137 | D:9      | Found a staircase to the Lair.
 15390 | D:12     | Noticed a boulder beetle
 15393 | D:12     | Killed a boulder beetle
 15394 | D:12     | Reached skill level 15 in Axes
 15803 | D:8      | Killed a skeletal warrior
 15821 | D:8      | Killed a skeletal warrior
 15822 | D:8      | Reached XP level 12. HP: 49/110 MP: 14/14
 15924 | D:3      | Bought the ring "Fusyxt" {rPois rCorr MP+9} for 515 gold
                  | pieces
 16136 | Lair:1   | Entered Level 1 of the Lair of Beasts
 16247 | Lair:1   | Reached skill level 16 in Axes
 16254 | Lair:1   | Received a gift from Okawaru
 16323 | Lair:1   | Noticed Erica
 16331 | Lair:1   | Killed Erica
 16631 | Lair:1   | Found a runed translucent door.
 16631 | Lair:1   | Found a shimmering altar of Xom.
 16631 | Lair:1   | Noticed pesado's ghost (journeyman DrCj)
 17299 | Lair:1   | Killed pesado's ghost
 17871 | Lair:2   | Found a hole to the Spider Nest.
 17883 | Lair:2   | Reached ****** piety under Okawaru
 17884 | Lair:2   | Reached skill level 17 in Axes
 17894 | Lair:2   | Identified the +5 ring mail "Noonwiabo" {*Corrode rElec
                  | Slay+6 SInv}
 18506 | Lair:3   | Found a staircase to the Shoals.
 18528 | Lair:3   | Received a gift from Okawaru
 18881 | Lair:4   | Noticed a five-headed hydra
 19114 | Lair:3   | Killed a five-headed hydra
 19273 | Lair:4   | Noticed a four-headed hydra
 19278 | Lair:3   | Reached XP level 13. HP: 104/118 MP: 16/16
 19280 | Lair:4   | Gained mutation: Armour fits poorly on your strangely
                  | shaped body. [mutagenic glow]
 19510 | Lair:4   | Acquired 502 gold pieces
 19512 | Lair:4   | Acquired a manual of Dodging
 19515 | Lair:4   | Found a blossoming altar of Fedhas.
 19661 | Lair:4   | You fall into a shaft and drop 1 floor!
 19661 | Lair:5   | Entered Level 5 of the Lair of Beasts
 19675 | Lair:5   | Identified the +0 hand axe of Roonuh {venom, rF+} (Okawaru
                  | gifted it to you on level 5 of the Lair of Beasts)
 19675 | Lair:5   | Received a gift from Okawaru
 19676 | Lair:5   | HP: 2/119 [cane toad (15)]
 19676 | Lair:5   | Slain by a cane toad

Illustrated notes

Levels and vault maps discovered:
D:1:      ldierk_water_garden, layout_loops_ring, minmay_shallow_snake_nest
D:2:      layout_basic, nicolae_ecumenical_oubliette, basic_altar
D:3:      layout_basic, mainiacjoe_overflow_surrounded_room,
          mainiacjoe_overflow_alcove_4, ashenzari_altar_1, serial_shops, shop
D:4:      layout_cave_pools, kennysheep_mini_moat,
          nicolae_overflow_crystal_walls, minmay_temple_entry_overgrown,
          due_unseen_surprise, uniq_edmund, uniq_ijyb
D:5:      layout_gridville, tgw_xom, mainiacjoe_overflow_small_starburst,
          uniq_duvessa, uniq_eustachio
D:6:      layout_layer_cave, serial_shops, nicolae_shop_bloodbath_and_beyond,
          portal_sewer_entry_f
D:7:      layout_loops_ring, nicolae_overflow_hidden_temple,
          nicolae_kikubaaqudgha_miasma_corner, kennysheep_generic_room_8
D:8:      layout_gridville, tgw_sif, minmay_crossroads
D:9:      layout_basic, david_lair_shrubbed
D:10:     layout_long_grid, grunt_gozag_statues,
          mainiacjoe_overflow_tiny_flanked, minivault_16,
          hangedman_feature_mirror, chequers_serial_rivers_micro_b
D:11:     layout_cross
D:12:     layout_grid_maze, minmay_orc_entry_guard_dogs
Temple:   jpeg_temple_island
Lair:1:   layout_loops_ring, ebering_ghost_xom, grunt_megastairs_4, uniq_erica
Lair:2:   layout_gridlike, nicolae_spider_entry_orb_guardian,
          grunt_megastairs_1, serial_bayou_shore_b, serial_bayou_shore_a
Lair:3:   layout_gridlike, elwin_shoals_entry_rocks, grunt_megastairs_3
Lair:4:   layout_misc_corridors, slime_entry_2, basic_altar
Lair:5:   minmay_lair_end_frog_pond, layout_misc_corridors,
          nicolae_lair_run_with_the_wolves, serial_bayou_shore_b

Skill      XL: |  1  2  3  4  5  6  7  8  9 10 11 12 |
---------------+-------------------------------------+-----
Axes           | 3 4 5 6 7 8 9 10 15 17 | 17.6
Fighting       | 4 5 7 9 11 12 | 12.3
Armour         | 4 5 7 8 10 | 10.2
Dodging        | 2 3 5 7 8 9 |  9.8
Invocations    | 2 3 5 6 |  6.7
Shields        | |  3.6

Action                   |  1- 3 |  4- 6 |  7- 9 | 10-12 | 13-15 || total
-------------------------+-------+-------+-------+-------+-------++-------
Melee: War axe           |    91 |    67 |   385 |   168 |       ||   711
       Headbutt          |     8 |    10 |    86 |   107 |     5 ||   216
       Unarmed           |       |       |    16 |       |       ||    16
       Executioner's axe |       |       |       |   208 |     6 ||   214
       Battleaxe         |       |       |       |    34 |       ||    34
       Great mace        |       |       |       |     5 |     8 ||    13
Throw: Boomerang         |       |     4 |    14 |     9 |     3 ||    30
Invok: Heroism           |       |     1 |     5 |     8 |     1 ||    15
       Finesse           |       |       |       |     6 |     1 ||     7
Evoke: Wand              |       |       |       |     5 |     3 ||     8
  Use: Potion            |     2 |     2 |       |     2 |     1 ||     7
       Scroll            |       |       |    13 |    11 |     2 ||    26
 Stab: Sleeping          |       |       |       |     1 |       ||     1
Armor: Scale mail        |    51 |     4 |       |       |       ||    55
       Ice dragon scales |       |    22 |   157 |   193 |    27 ||   399
       Skin              |       |       |     2 |       |       ||     2
Dodge: Dodged            |    51 |    24 |   182 |   327 |    45 ||   629
Block: Buckler           |    23 |    22 |    76 |    39 |       ||   160
